 Dungeon Crawl Stone Soup version 0.31-a0-986-g5e6e4ef867 (webtiles) character file.

Game seed: 3107121786956574641

27 Snarg the Shooter (level 3, 0/20 HPs)
             Began as a Kobold Hexslinger on Nov 16, 2023.
             Succumbed to an adder's poison
             ... on level 2 of the Dungeon.
             The game lasted 00:03:26 (1371 turns).

Snarg the Shooter (Kobold Hexslinger)               Turns: 1371, Time: 00:03:27

Health: 0/20       AC:  2    Str:  4 (5)  XL:     3   Next: 25%
Magic:  3/4        EV: 15    Int: 13 (14) God:
Gold:   64         SH:  0    Dex: 16 (19) Spells: 2/4 levels left

rFire   . . .        g - +0 dagger
rCold   . . .        (no shield)
rNeg    . . .        c - +0 robe
rPois   .            (no helmet)
rElec   .            (no cloak)
rCorr   .            (no gloves)
SInv    .            (no boots)
Will    .....        (no amulet)
Stlth   +++          (no ring)
HPRegen 0.23/turn    (no ring)
MPRegen 0.09/turn

%: no passive effects
@: lethally poisoned (0 -> -4)
A: small, no large weapons, nightstalker 3
a: no special abilities


You were on level 2 of the Dungeon.
You visited 1 branch of the dungeon, and saw 2 of its levels.

You collected 64 gold pieces.

Inventory:

Hand Weapons
 a - a +1 sling
 b - a +0 spear
 g - a +0 dagger (weapon)
Missiles
 e - 14 stones
 f - 2 poisoned darts
Armour
 c - a +0 robe (worn)
Scrolls
 d - a scroll of poison
 h - a scroll of fear {unknown}
 i - a scroll of acquirement {unknown}
 k - 3 scrolls of teleportation {unknown}


   Skills:
 + Level 1.4 Fighting
 + Level 3.6 Ranged Weapons
 + Level 2.4 Dodging
 * Level 1.4 Stealth
 - Level 1.1 Spellcasting
 + Level 3.3 Hexes
 + Level 1.0 Fire Magic


You had 2 spell levels left.
You knew the following spells:

 Your Spells              Type           Power      Damage    Failure   Level
a - Jinxbite              Hex            18%        N/A       11%         2

Your spell library contained the following spells:

 Spells                   Type           Power      Damage    Failure   Level
 Sigil of Binding         Hex            9%         N/A       22%         3
 Inner Flame              Hex/Fire       6%         N/A       34%         3
 Cause Fear               Hex            4%         N/A       56%         4
 Dimensional Bullseye     Hex/Tloc       2%         N/A       80%         4


Dungeon Overview and Level Annotations

Branches:
Dungeon (2/15)

Altars:

Annotations:
D:1 clr
D:2 Terence


Innate Abilities, Weirdness & Mutations

You are small and have problems with some larger weapons.
You are completely attuned to the shadows.


Message History

You feel sick. The adder bites you but does no damage.
Your magical contamination has completely faded away.
You hit the adder but do no damage.
The adder is severely wounded.
You feel sick.
You are no longer poisoned.
The adder bites you. The adder bites you but does no damage.
You hit the adder but do no damage.
The adder is severely wounded.
The adder barely misses you.
You barely miss the adder.
The adder is severely wounded.
The adder bites you.
You are poisoned.
The adder poisons you!
You miss the adder.
The adder is severely wounded.
You feel sick. The adder closely misses you. x2
You hit the adder.
The adder is almost dead.
You feel sick. The adder bites you.
* * * LOW HITPOINT WARNING * * *
You are lethally poisoned!
The adder poisons you!
You hit the adder but do no damage.
The adder is almost dead.
* * * LOW HITPOINT WARNING * * *
You feel sick. The adder barely misses you.
You closely miss the adder.
The adder is almost dead.
* * * LOW HITPOINT WARNING * * *
You feel sick. The adder closely misses you. The adder barely misses you.
It was a potion of degeneration.
There was something very wrong with that liquid.
You feel weakened.
You feel dopey.
You feel clumsy.
* * * LOW HITPOINT WARNING * * *
You feel sick. The adder closely misses you.
You barely miss the adder.
The adder is almost dead.
You die...

#.##.#
#.#.....######
#.##.###. #.#######
#...<.... #.#
####.#### #.# #.#
####.## #.# #.....#
###.# #.##..###
##.#.# #.##..#.#.#
#....#####.##..@..#
................S##
#....#####......≈.#
##.#.# ####..≈~#.#
##..# #.≈≈#... #.##
#..≈#


You could see an adder.

Vanquished Creatures
  A gnoll (D:1)
  A ball python (D:1)
  An endoplasm (D:1)
  2 goblins (D:1)
  3 hobgoblins (D:1)
  A kobold (D:1)
  2 quokkas (D:1)
  2 frilled lizards (D:1)
  2 rats (D:1)
15 creatures vanquished.

Notes
Turn   | Place    | Note
-------+----------+-------------------------------------------
     0 | D:1      | Snarg the Kobold Hexslinger began the quest for the Orb.
     0 | D:1      | Reached XP level 1. HP: 12/12 MP: 2/2
   436 | D:1      | Reached XP level 2. HP: 16/16 MP: 3/3
   447 | D:1      | Learned a level 2 spell: Jinxbite
  1084 | D:1      | Reached skill level 1 in Stealth
  1233 | D:1      | Reached XP level 3. HP: 14/20 MP: 1/4
  1291 | D:2      | Noticed Terence
  1370 | D:2      | HP: 1/20 [poisoned by an adder]
  1371 | D:2      | Succumbed to an adder's poison

Illustrated notes

Levels and vault maps discovered:
D:1:      lemuel_arrival_room, layout_basic, feat_on_display
D:2:      layout_loops_corners, serial_shops, shop, eino_tiny_chamber,
          chequers_serial_rivers_marsh, chequers_serial_rivers_small_a,
          uniq_terence

Skill      XL: |  1  2 |
---------------+-------+-----
Ranged Weapons | 3 |  3.6
Stealth        | 1 |  1.4
Fighting       | |  1.4
Dodging        | |  2.4
Spellcasting   | |  1.1
Hexes          | |  3.3
Fire Magic     | |  1.0

Action                     || total
---------------------------++-------
  Melee: Dagger            ||    13
   Fire: Sling             ||    43
  Throw: Dart              ||     3
   Cast: Jinxbite          ||     5
    Use: Potion            ||     1
 Armour: Robe              ||    13
  Dodge: Dodged            ||    29

Table legend: (Time is in decaauts)
 A = Elapsed time spent in this place.
 B = Non-inter-level travel time spent in this place.
 C = Inter-level travel time spent in this place.
 D = Time resting spent in this place.
 E = Time spent auto-exploring this place.
 F = Levels seen in this place.
 G = Mean time per level.
                   A        B        C        D        E       F      G
               +--------+--------+--------+--------+--------+-----+--------+
         Total |   1381 |   1290 |     91 |    123 |    986 |   2 |  690.5 |
       Dungeon |   1381 |   1290 |     91 |    123 |    986 |   2 |  690.5 |
               +--------+--------+--------+--------+--------+-----+--------+

Top non-repeatable levels by time:
     D:1: 1297 daAuts
     D:2: 83 daAuts
